 Dungeon Crawl Stone Soup version 0.22-a0-441-gcf5b0c64b7 (webtiles) character file.

32601 Maize the Severer (level 13, -2/123 HPs)
             Began as a Minotaur Berserker on May 30, 2018.
             Was a High Priest of Trog.
             Slain by a polar bear (20 damage)
             ... on level 6 of the Lair of Beasts.
             The game lasted 00:43:49 (16453 turns).

Maize the Severer (Minotaur Berserker)             Turns: 16453, Time: 00:43:50

Health: -2/123     AC: 20    Str: 26    XL:     13   Next: 32%
Magic:  6/12       EV:  9    Int:  4    God:    Trog [*****.]
Gold:   1085       SH:  0    Dex: 11    Spells: 12/12 levels left

rFire    . . .     SeeInvis .   y - +5 war axe
rCold    + . .     Gourm    .   (no shield)
rNeg     + . .     Faith    .   B - +0 plate armour
rPois    +         Spirit   .   (helmet restricted)
rElec    .         Reflect  .   (no cloak)
rCorr    +         Harm     .   d - +1 pair of gloves
MR       +++++     Clarity  +   k - +0 pair of boots
Stlth    ..........             E - amulet of the Four Winds {rN+ MR+++ Clar}
HPRegen  1.30/turn              h - ring of resist corrosion
MPRegen  0.13/turn              v - ring of protection from cold

@: lethally poisoned (-2 -> -2), berserk cooldown, very slightly contaminated,
starving, regenerating, slowed, very slow
A: retaliatory headbutt, horns 2, clarity, poison resistance, subdued magic 1,
MP-powered wands
a: Berserk, Trog's Hand, Brothers in Arms, Renounce Religion


You were on level 6 of the Lair of Beasts.
You worshipped Trog.
Trog was extremely pleased with you.
You were starving.

You visited 2 branches of the dungeon, and saw 15 of its levels.

You collected 1085 gold pieces.

Inventory:

Hand Weapons
 m - a +1 vampiric battleaxe
 x - a +1 antimagic war axe
 y - a +5 war axe (weapon)
Missiles
 r - 10 tomahawks of returning (quivered)
 D - a throwing net
 J - 6 javelins of penetration
Armour
 d - a +1 pair of gloves (worn)
 k - a +0 pair of boots (worn)
 B - a +0 plate armour (worn)
 H - +0 steam dragon scales
Jewellery
 h - a ring of resist corrosion (left hand)
 v - a ring of protection from cold (right hand)
 w - an uncursed ring of protection from fire
 E - the amulet of the Four Winds (around neck) {rN+ MR+++ Clar}
   (You found it on level 3 of the Lair of Beasts)

   [amulet of nothing]

   It protects you from negative energy.
   It affects your resistance to hostile enchantments.
   It protects you against confusion.
Wands
 l - a wand of paralysis (27)
 G - a wand of clouds (9)
 I - a wand of iceblast (8)
 K - a wand of acid (4)
 L - a wand of flame (25)
 N - a wand of polymorph (14)
Scrolls
 a - 3 scrolls of enchant armour
 b - 3 scrolls of enchant weapon
 i - 3 scrolls of remove curse
 j - 2 scrolls of fear
 n - 12 scrolls of teleportation
 u - 4 scrolls of immolation {unknown}
 F - a scroll of silence {unknown}
 M - 3 scrolls of fog
Potions
 f - a potion of lignification
 o - a potion of ambrosia
 p - 3 potions of flight
 q - 5 potions of curing
 s - 2 potions of invisibility
 t - 2 potions of agility
 z - a potion of magic
 A - a potion of might
 C - a potion of heal wounds {unknown}
Miscellaneous
 g - a lamp of fire (inert)
Comestibles
 c - 24 rations


   Skills:
 + Level 13.8 Fighting
 * Level 18.2 Axes
 + Level 13.5 Armour
 - Level 2.3 Dodging


You had 12 spell levels left.
You didn't know any spells.
Your spell library was empty.

Dungeon Overview and Level Annotations

Branches:
Dungeon (9/15)             Temple (0/1) D:6            Lair (6/6) D:9
 Shoals (0/4) Lair:3       Spider (0/4) Lair:2
  Slime: Lair:5-6       Orc: D:9-12

Altars:
Hepliaklqana
Nemelex Xobeh
Qazlal
Sif Muna
Vehumet
Xom
Yredelemnul
Zin

Shops:
D:6 *   D:8 [

Annotations:
D:3 1 runed door


Innate Abilities, Weirdness & Mutations

You reflexively headbutt those who attack you in melee.
You have a pair of horns on your head.
You possess an exceptional clarity of mind.
Your system is resistant to poisons. (rPois)
Your spells are a little easier to cast, but a little less powerful.
You expend magic power (3 MP) to strengthen your wands.


Message History

Press: ? - help, Dir - move target cursor You are very lightly contaminated with residual magic.
As you read the scroll of blinking, it crumbles to dust.
Evoke which item? (* to show all) (? for menu, Esc to quit)
Aiming: Paralyse
Press: ? - help, Shift-Dir - straight line, f - polar bear
Aim: a polar bear (severely wounded, berserk, fast, unusually strong, chance to defeat MR: 50%)
The polar bear resists with some effort.
You feel a surge of power!
Evoke which item? (* to show all) (? for menu, Esc to quit)
Aiming: Throw Flame
Press: ? - help, Shift-Dir - straight line, f/p - polar bear
Aim: a polar bear (severely wounded, berserk, fast, unusually strong)
The puff of flame hits the polar bear.
The polar bear is severely wounded.
You feel a surge of power!
You feel sick. The polar bear bites you.
* * * LOW HITPOINT WARNING * * *
The polar bear claws you but does no damage. x2
The polar bear bites you!!
You die...

#######.##....#.....##.#
####....#........###
####.#.#........#
###P.......... ##......P##
## ##.......# ##.##
####...P...#
##..#P##########...#.....##
#%...#.##.#.#.#@....#P...#
###..hh#.#.h...h.†....#P..#
......†#.h.†....#....####.#
##....#†...#...#.##### ##
##.%.###..####### ...##
#..##.# .... #..††# ...
##.†....... .. ##.......%


You could see a polar bear (berserk) and 2 black bears.

Vanquished Creatures
  4 hydras
  A catoblepas (Lair:3)
  A two-headed ogre (D:8)
  3 death yaks (Lair:5)
  The ghost of brujo666 the Thrower, a novice OgHu of Okawaru (D:7)
  An oklob plant (Lair:3)
  5 black mambas
  4 elephants (Lair:6)
  5 spiny frogs
  6 rime drakes
  6 polar bears
  13 blink frogs
  3 hippogriffs
  Sigmund (D:2)
  A spriggan (Lair:1)
  A wraith (D:7)
  24 yaks
  A wyvern (Lair:3)
  A steam dragon (Lair:3)
  A basilisk (Lair:6)
  A hungry ghost (D:7)
  2 wargs (Lair:6)
  The ghost of kusayu the Twirler, an amateur GrGl (D:3)
  10 water moccasins
  7 hell hounds (Lair:6)
  10 porcupines
  4 orc warriors
  5 ice beasts
  10 black bears
  A necrophage (D:6)
  2 ogres
  7 centaurs
  20 wolves
  14 crocodiles
  14 bullfrogs
  A wyvern zombie (D:9)
  A scorpion (D:9)
  A wyvern skeleton (D:9)
  4 killer bees (D:9)
  7 wights
  3 howler monkeys (D:7)
  2 crimson imps (D:8)
  A bullfrog zombie (D:8)
  2 quasits
  A hound (D:7)
  4 jellies
  2 orc priests
  2 centaur skeletons
  3 human zombies (D:7)
  A bullfrog skeleton (D:8)
  2 iguanas
  Terence (D:2)
  A human skeleton (D:7)
  11 orc wizards
  2 worker ants
  4 mummies (D:7)
  A worker ant zombie (D:5)
  A howler monkey skeleton (D:9)
  7 adders
  2 oozes
  5 adder skeletons
  An adder zombie (D:8)
  3 worms
  A dart slug (D:1)
  2 leopard geckos
  34 orcs
  9 bats
  4 giant cockroaches
  14 goblins
  5 hobgoblins
  9 jackals
  5 kobolds
  A quokka (D:9)
  3 ball pythons
  3 frilled lizards
  An orc skeleton (D:7)
  7 rats
  4 fungi
  5 plants
374 creatures vanquished.

Vanquished Creatures (others)
  5 dream sheep (Lair:2)
  13 fungi
  19 plants
37 creatures vanquished.

Grand Total: 411 creatures vanquished

Notes
Turn   | Place    | Note
-------+----------+-------------------------------------------
     0 | D:1      | Maize the Minotaur Berserker began the quest for the Orb.
     0 | D:1      | Reached XP level 1. HP: 19/19 MP: 0/0
   318 | D:1      | Reached XP level 2. HP: 26/27 MP: 1/1
   322 | D:1      | Reached skill level 4 in Axes
   614 | D:1      | Reached XP level 3. HP: 28/33 MP: 2/2
   663 | D:1      | Reached ** piety under Trog
  1035 | D:2      | Noticed Sigmund
  1274 | D:2      | Killed Sigmund
  1274 | D:2      | Reached skill level 5 in Fighting
  1274 | D:2      | Reached skill level 5 in Axes
  1274 | D:2      | Reached XP level 4. HP: 3/42 MP: 3/3
  1274 | D:2      | Reached XP level 5. HP: 3/48 MP: 4/4
  1609 | D:2      | Noticed Terence
  1617 | D:2      | Killed Terence
  1617 | D:2      | Reached skill level 6 in Axes
  2275 | D:3      | Reached XP level 6. HP: 53/56 MP: 5/5
  2363 | D:3      | Found a radiant altar of Vehumet.
  2381 | D:3      | Found a glowing silver altar of Zin.
  2382 | D:3      | Found a runed door.
  2382 | D:3      | Noticed an angel
  2399 | D:3      | Noticed kusayu's ghost (amateur GrGl)
  2416 | D:3      | Killed kusayu's ghost
  2425 | D:3      | Found a sparkling altar of Nemelex Xobeh.
  2645 | D:3      | Reached *** piety under Trog
  3243 | D:4      | Reached skill level 7 in Axes
  3423 | D:4      | Reached XP level 7. HP: 50/62 MP: 6/6
  3494 | D:4      | Found a shimmering altar of Xom.
  3496 | D:4      | Found a hazy altar of Hepliaklqana.
  3496 | D:4      | Noticed a yak
  3497 | D:4      | Noticed a yak
  3497 | D:4      | Noticed a spectral ugly thing
  3528 | D:4      | Found a transporter.
  3565 | D:4      | Found a transporter.
  3579 | D:4      | Reached skill level 5 in Armour
  4077 | D:5      | Entered Level 5 of the Dungeon
  4566 | D:5      | Found a stormy altar of Qazlal.
  4716 | D:5      | Reached skill level 8 in Axes
  4957 | D:6      | Reached XP level 8. HP: 39/71 MP: 7/7
  5323 | D:6      | Found Fikisch's Serpentskin Sales.
  5330 | D:6      | Reached skill level 9 in Axes
  5709 | D:6      | Found a staircase to the Ecumenical Temple.
  5737 | D:6      | Reached **** piety under Trog
  5773 | D:6      | Reached skill level 10 in Axes
  6114 | D:7      | Found a sparkling altar of Nemelex Xobeh.
  6328 | D:7      | Found a deep blue altar of Sif Muna.
  6484 | D:7      | Received a gift from Trog
  6493 | D:7      | Reached XP level 9. HP: 75/81 MP: 8/8
  6658 | D:7      | Reached skill level 11 in Axes
  6816 | D:7      | Found a basalt altar of Yredelemnul.
  7201 | D:7      | Noticed brujo666's ghost (novice OgHu)
  7213 | D:7      | Killed brujo666's ghost
  7389 | D:8      | Reached skill level 12 in Axes
  7409 | D:8      | Noticed a two-headed ogre
  7416 | D:8      | Killed a two-headed ogre
  7416 | D:8      | Reached XP level 10. HP: 91/91 MP: 9/9
  7431 | D:8      | Reached ***** piety under Trog
  7885 | D:8      | Found a glowing silver altar of Zin.
  8027 | D:8      | Found Ziohyati's Antique Armour Boutique.
  8471 | D:9      | Received a gift from Trog
  8610 | D:9      | Reached skill level 13 in Axes
  8619 | D:9      | Reached skill level 10 in Fighting
  8636 | D:9      | Found a staircase to the Lair.
  9309 | Lair:1   | Entered Level 1 of the Lair of Beasts
  9335 | Lair:1   | Reached skill level 10 in Armour
  9613 | Lair:1   | Reached skill level 14 in Axes
 10013 | Lair:1   | Noticed a six-headed hydra
 10020 | Lair:1   | Killed a nine-headed hydra
 10020 | Lair:1   | Reached XP level 11. HP: 101/101 MP: 10/10
 11217 | Lair:2   | Reached skill level 15 in Axes
 11386 | Lair:2   | Found a shimmering altar of Xom.
 11475 | Lair:2   | Found a hole to the Spider Nest.
 11476 | Lair:2   | Found the +3 crown of Dyrovepreva {rElec Int+2 SInv}
 11492 | Lair:2   | Gained mutation: You possess an exceptional clarity of mind. [potion of mutation]
 11492 | Lair:2   | Gained mutation: Your spells are a little easier to cast, but a little less powerful. [potion of mutation]
 11492 | Lair:2   | Gained mutation: Your system is resistant to poisons. (rPois) [potion of mutation]
 11492 | Lair:2   | Gained mutation: You expend magic power (3 MP) to strengthen your wands. [potion of mutation]
 11907 | Lair:3   | Found a staircase to the Shoals.
 11911 | Lair:3   | Found the amulet of the Four Winds {rN+ MR+++ Clar}
 12022 | Lair:3   | Noticed a catoblepas
 12038 | Lair:3   | Noticed an oklob plant
 12070 | Lair:3   | Killed a catoblepas
 12383 | Lair:3   | Killed an oklob plant
 12982 | Lair:4   | Reached XP level 12. HP: 107/112 MP: 11/11
 12985 | Lair:4   | Received a gift from Trog
 12985 | Lair:4   | Reached skill level 16 in Axes
 13268 | Lair:4   | Noticed a four-headed hydra
 13279 | Lair:4   | Killed an eight-headed hydra
 13450 | Lair:4   | Noticed a seven-headed hydra
 13456 | Lair:4   | Killed a 12-headed hydra
 14626 | Lair:5   | Noticed a death yak
 14626 | Lair:5   | Noticed a death yak
 14627 | Lair:5   | Noticed a death yak
 14655 | Lair:5   | Killed a death yak
 14659 | Lair:5   | Killed a death yak
 14662 | Lair:5   | Killed a death yak
 14964 | Lair:5   | Reached skill level 17 in Axes
 15494 | Lair:6   | Entered Level 6 of the Lair of Beasts
 15509 | Lair:6   | Noticed an eight-headed hydra
 15523 | Lair:6   | Killed a 13-headed hydra
 16052 | Lair:6   | Received a gift from Trog
 16093 | Lair:6   | Reached XP level 13. HP: 103/122 MP: 4/12
 16348 | Lair:6   | Reached skill level 18 in Axes
 16453 | Lair:6   | Slain by a polar bear

Vault maps used:
D:1:      nicolae_arrival_memento_mori, minmay_door_square
D:2:      uniq_terence, uniq_sigmund
D:3:      nicolae_overflow_crystal_walls, fiery_altar_vehumet,
          lemuel_angel_altar
D:4:      gammafunk_cloud_chamber, regret_index_temple_of_mockery,
          nicolae_overflow_hidden_temple
D:5:      lemuel_coloured_pillars_altar, first_ration
D:6:      minmay_temple_entry_mist, guppyfry_shop_venom
D:7:      lemuel_mausoleum_altar_yredelemnul, serial_corexii_hall,
          corexii_hall_statues_t, corexii_hall_statues_t, basic_altar,
          nemelex_spade_bored_becter
D:8:      zin_scriptorium, serial_shops, nicolae_shop_behind_doors
D:9:      grunt_lair_entry_orc_guard_hut
Lair:1:   grunt_forest_large_clearing_hut
Lair:2:   dummy_spider_entry, kb_xom_exploding_sheep, lemuel_fruit_tree
Lair:3:   minmay_shoals_entry_centaurs
Lair:6:   hangedman_lair_caniforms_friends, hangedman_lair_in_review,
          slime_altar_1, minivault_23, minivault_23, minmay_lair_drake_nest

Skill      XL: |  1  2  3  4  5  6  7  8  9 10 11 12 13 |
---------------+----------------------------------------+-----
Axes           | 4 5 6 7 8 10 12 14 15 17 18 | 18.2
Fighting       | 4 5 6 8 9 10 12 13 | 13.8
Armour         | 3 4 6 7 9 10 11 13 | 13.5
Dodging        | |  2.3

Action                   |  1- 3 |  4- 6 |  7- 9 | 10-12 | 13-15 || total
-------------------------+-------+-------+-------+-------+-------++-------
Melee: Hand axe          |    72 |   117 |       |       |       ||   189
       Headbutt          |    10 |    22 |    56 |   137 |    31 ||   256
       War axe           |       |       |   241 |   512 |   126 ||   879
Throw: Tomahawk          |       |       |       |     5 |       ||     5
Invok: Berserk           |     2 |     1 |     3 |     9 |     1 ||    16
       Trog's Hand       |       |       |       |     3 |     1 ||     4
Evoke: Wand              |       |       |       |     1 |     2 ||     3
       Lamp of fire      |       |       |       |     1 |     1 ||     2
  Use: Scroll            |       |     7 |     4 |    11 |     1 ||    23
       Potion            |       |       |     2 |     4 |       ||     6
  Eat: Ration            |     1 |       |     3 |     2 |       ||     6
       Chunk             |       |     7 |     8 |    30 |     1 ||    46
Armor: Animal skin       |     5 |       |       |       |       ||     5
       Robe              |     3 |       |       |       |       ||     3
       Leather armour    |     4 |       |       |       |       ||     4
       Ring mail         |     3 |     3 |       |       |       ||     6
       Scale mail        |       |    43 |    93 |     3 |       ||   139
       Plate armour      |       |       |       |   334 |   101 ||   435
Dodge: Dodged            |    68 |    59 |   119 |   203 |    63 ||   512

Table legend:
 A = Spawn XP
 B = Non-spawn XP
 C = Spawn XP percentage of total XP
 D = Spawn monster count
 E = Non-spawn monster count
 F = Spawn count percentage of total count
 G = Total turns spent on level
                    A         B        C        D         E        F      G
               +---------+---------+-------+---------+---------+-------+---------
         Total |       0 |   46574 |   0.0 |       0 |     365 |   0.0 | 16453
               +---------+---------+-------+---------+---------+-------+---------
           D:1 |       0 |      62 |   0.0 |       0 |      33 |   0.0 |  1413
           D:2 |       0 |     295 |   0.0 |       0 |      14 |   0.0 |   812
           D:3 |       0 |     247 |   0.0 |       0 |      26 |   0.0 |   995
           D:4 |       0 |     586 |   0.0 |       0 |      27 |   0.0 |   957
           D:5 |       0 |     277 |   0.0 |       0 |       3 |   0.0 |   873
           D:6 |       0 |     885 |   0.0 |       0 |      15 |   0.0 |   972
           D:7 |       0 |    2128 |   0.0 |       0 |      32 |   0.0 |  1291
           D:8 |       0 |    2061 |   0.0 |       0 |      21 |   0.0 |  1127
           D:9 |       0 |    2462 |   0.0 |       0 |      36 |   0.0 |   869
        Lair:1 |       0 |    3068 |   0.0 |       0 |      17 |   0.0 |   902
        Lair:2 |       0 |    5132 |   0.0 |       0 |      25 |   0.0 |  1598
        Lair:3 |       0 |    4449 |   0.0 |       0 |      20 |   0.0 |  1154
        Lair:4 |       0 |    5284 |   0.0 |       0 |      21 |   0.0 |  1410
        Lair:5 |       0 |    3976 |   0.0 |       0 |      10 |   0.0 |  1121
        Lair:6 |       0 |   15662 |   0.0 |       0 |      65 |   0.0 |   959
               +---------+---------+-------+---------+---------+-------+---------
